 Dungeon Crawl Stone Soup version 0.24-a0-279-ga7546fe (webtiles) character file.

Game seed: 14012762729958538800

54 Hylith the Caller (level 3, -1/26 HPs)
             Began as a Gnoll Summoner on May 1, 2019.
             Slain by a worm (7 damage)
             ... on level 2 of the Dungeon.
             The game lasted 00:01:58 (1562 turns).

Hylith the Caller (Gnoll Summoner)                  Turns: 1562, Time: 00:01:58

Health: -1/26      AC:  6    Str: 10    XL:     3   Next: 91%
Magic:  9/9        EV: 10    Int: 18    God:
Gold:   42         SH:  0    Dex: 15    Spells: 11/12 levels left

rFire    . . .     SeeInvis .   d - +0 mace
rCold    . . .     Gourm    .   (no shield)
rNeg     . . .     Faith    .   g - +0 scale mail (curse)
rPois    .         Spirit   .   (no helmet)
rElec    .         Reflect  .   (no cloak)
rCorr    .         Harm     .   (no gloves)
MR       .....                  (no boots)
Stlth    +.........             h - amulet of the acrobat
HPRegen  0.08/turn              (no ring)
MPRegen  0.11/turn              (no ring)

@: no status effects
A: distributed training, fangs 1, strong nose
a: no special abilities


You were on level 2 of the Dungeon.
You were very hungry.

You visited 1 branch of the dungeon, and saw 2 of its levels.

You collected 42 gold pieces.

Inventory:

Hand Weapons
 d - a +0 mace (weapon)
Missiles
 e - 65 stones (quivered)
Armour
 a - a +0 robe
 g - a cursed +0 scale mail (worn)
Jewellery
 h - an amulet of the acrobat (around neck)
 o - a +2 amulet of reflection {unknown}
Scrolls
 i - a scroll of teleportation {unknown}
 k - a scroll of enchant weapon {unknown}
 m - a scroll of identify {unknown}
Potions
 b - a potion of mutation {unknown}
 f - a potion of berserk rage {unknown}
 j - 2 potions of invisibility {unknown}
 l - a potion of flight {unknown}
 n - a potion of lignification {unknown}
Comestibles
 c - 3 rations
 p - 3 chunks of flesh


   Skills:
 + Level 1.0 Fighting
 + Level 1.0 Short Blades
 + Level 1.0 Long Blades
 + Level 1.0 Axes
 + Level 1.0 Maces & Flails
 + Level 1.0 Polearms
 + Level 1.0 Staves
 + Level 1.0 Slings
 + Level 1.0 Bows
 + Level 1.0 Crossbows
 + Level 1.0 Throwing
 + Level 1.0 Armour
 + Level 4.6 Dodging
 + Level 4.2 Stealth
 + Level 1.0 Shields
 + Level 1.0 Unarmed Combat
 + Level 5.0 Spellcasting
 + Level 0.7 Conjurations
 + Level 0.7 Hexes
 + Level 0.7 Charms
 + Level 7.1 Summonings
 + Level 0.7 Necromancy
 + Level 0.7 Translocations
 + Level 0.7 Transmutations
 + Level 0.7 Fire Magic
 + Level 0.7 Ice Magic
 + Level 0.7 Air Magic
 + Level 0.7 Earth Magic
 + Level 0.7 Poison Magic
 + Level 1.0 Invocations
 + Level 1.0 Evocations


You had 11 spell levels left.
You knew the following spells:

 Your Spells              Type           Power        Failure   Level  Hunger
a - Summon Small Mammal   Summ           ####         4%          1    None

Your spell library contained the following spells:

 Spells                   Type           Power        Failure   Level  Hunger
 Call Imp                 Summ           ####....     8%          2    #......
 Call Canine Familiar     Summ           ####....     16%         3    ##.....
 Summon Guardian Golem    Hex/Summ       ###.....     50%         3    ##.....
 Summon Ice Beast         Ice/Summ       ###.....     88%         4    ####...
 Summon Lightning Spire   Summ/Air       ###.....     88%         4    ####...


Dungeon Overview and Level Annotations

Branches:
Dungeon (2/15)

Altars:


Innate Abilities, Weirdness & Mutations

Your experience applies equally to all skills.
You have very sharp teeth.
Your uncanny sense of smell can sniff out nearby items.


Message History

The worm bites you.
You hit the worm.
The worm is severely wounded.
The worm bites you!
* * * LOW HITPOINT WARNING * * *
You are too injured to fight recklessly!
You are too injured to fight recklessly!
You are too injured to fight recklessly!
You are too injured to fight recklessly!
You are too injured to fight recklessly!
You are too injured to fight recklessly!
You are too injured to fight recklessly!
You are too injured to fight recklessly!
You are too injured to fight recklessly!
You are too injured to fight recklessly!
You are too injured to fight recklessly!
You hit the worm.
The worm is almost dead.
The worm bites you!
You die...

##+## ..# ##...##
##.# ##.....##
##..# ##.......##
# ##...#
#.........###
#.....
+.........'..
#...#
#.........### #w.#
##.......## # #@#
##.....## # ##.##
##...## # #...#
##'## # #...# #.#
# #.รท.# #.# #
##.########.## #
#$#.........######
#.#.####........##
#.#.####....###.##


You could see a worm.

Vanquished Creatures
  An adder (D:2)
  An ooze (D:1)
  2 worms (D:2)
  2 dart slugs
  A leopard gecko (D:1)
  A giant cockroach (D:2)
  4 goblins
  4 hobgoblins
  3 kobolds
  A quokka (D:2)
  6 bats
  3 frilled lizards
29 creatures vanquished.

Vanquished Creatures (collateral kills)
  A goblin (D:1)
1 creature vanquished.

Grand Total: 30 creatures vanquished

Notes
Turn   | Place    | Note
-------+----------+-------------------------------------------
     0 | D:1      | Hylith the Gnoll Summoner began the quest for the Orb.
     0 | D:1      | Reached XP level 1. HP: 13/13 MP: 6/6
   327 | D:1      | Reached XP level 2. HP: 17/19 MP: 7/7
   817 | D:2      | Reached XP level 3. HP: 22/25 MP: 9/9
   856 | D:2      | Reached skill level 5 in Spellcasting
  1305 | D:2      | Reached skill level 1 in Invocations
  1519 | D:2      | Reached skill level 1 in Fighting
  1519 | D:2      | Reached skill level 1 in Short Blades
  1519 | D:2      | Reached skill level 1 in Long Blades
  1519 | D:2      | Reached skill level 1 in Axes
  1519 | D:2      | Reached skill level 1 in Maces & Flails
  1519 | D:2      | Reached skill level 1 in Polearms
  1519 | D:2      | Reached skill level 1 in Staves
  1519 | D:2      | Reached skill level 1 in Slings
  1519 | D:2      | Reached skill level 1 in Bows
  1519 | D:2      | Reached skill level 1 in Crossbows
  1519 | D:2      | Reached skill level 1 in Throwing
  1519 | D:2      | Reached skill level 1 in Armour
  1519 | D:2      | Reached skill level 1 in Shields
  1519 | D:2      | Reached skill level 1 in Unarmed Combat
  1519 | D:2      | Reached skill level 1 in Evocations
  1562 | D:2      | Slain by a worm

Levels and vault maps discovered:
D:1:      scummos_arrival_gate, layout_loops_ring
D:2:      layout_loops_corners, first_ration, chequers_serial_rivers_large_a,
          st_stairs_10, uniq_jessica

Skill      XL: |  1  2  3 |
---------------+----------+-----
Spellcasting   | 5 |  5.0
Invocations    | 1 |  1.0
Fighting       | 1 |  1.0
Short Blades   | 1 |  1.0
Long Blades    | 1 |  1.0
Axes           | 1 |  1.0
Maces & Flails | 1 |  1.0
Polearms       | 1 |  1.0
Staves         | 1 |  1.0
Slings         | 1 |  1.0
Bows           | 1 |  1.0
Crossbows      | 1 |  1.0
Throwing       | 1 |  1.0
Armour         | 1 |  1.0
Shields        | 1 |  1.0
Unarmed Combat | 1 |  1.0
Evocations     | 1 |  1.0
Dodging        | |  4.6
Stealth        | |  4.2
Conjurations   | |  0.7
Hexes          | |  0.7
Charms         | |  0.7
Summonings     | |  7.1
Necromancy     | |  0.7
Translocations | |  0.7
Transmutations | |  0.7
Fire Magic     | |  0.7
Ice Magic      | |  0.7
Air Magic      | |  0.7
Earth Magic    | |  0.7
Poison Magic   | |  0.7

Action                   || total
-------------------------++-------
Melee: Mace              ||   107
       Bite              ||     5
       Punch             ||     2
 Cast: Summon Small Mamm ||     3
  Eat: Chunk             ||     1
Armor: Scale mail        ||    52
Dodge: Dodged            ||    59

Table legend:
 A = Non-vault XP
 B = Vault XP
 C = Vault XP percentage of total XP
 D = Non-vault monster count
 E = Vault monster count
 F = Vault count percentage of total count
                 A         B        C        D         E       F
            +---------+---------+-------+---------+---------+-------
      Total |      78 |       0 |   0.0 |      30 |       0 |   0.0
            +---------+---------+-------+---------+---------+-------
        D:1 |      29 |       0 |   0.0 |      13 |       0 |   0.0
        D:2 |      49 |       0 |   0.0 |      17 |       0 |   0.0
            +---------+---------+-------+---------+---------+-------
